[Event "Titled Tuesday Blitz July 11 Early 2023"]
[White "Perske, Thore"]
[Black "Thiel, Thomas"]
[WhiteFideId "12902195"]
[BlackFideId "4615964"]
[WhiteElo "2518"]
[BlackElo "2216"]
[Result "1/2-1/2"]
[Round "3"]
[TimeControl "180+2"]
[Date "2023.07.11"]
[WhiteClock "0:00:03"]
[BlackClock "0:00:42"]
[Board "151"]

1. e4 d5 2. exd5 Nf6 3. d4 Nxd5 4. Nf3 g6 5. c4 Nb6 6. Nc3 Bg7 7. c5 Nd5 8. Bc4 Nxc3 9. bxc3 O-O 10. O-O Nc6 11. Re1 Bg4 12. h3 Bxf3 13. Qxf3 Nxd4 14. Qe4 Nc6 15. Bg5 Bf6 16. Rad1 Qc8 17. Bh6 Bg7 18. Bg5 Bf6 19. Bh6 Bg7 20. Bf4 e5 21. Bg5 Qf5 22. Qxf5 gxf5 23. Rd7 Rac8 24. Bd5 e4 25. Bxc6 bxc6 26. c4 Rfe8 27. Rb1 Re5 28. Be3 f4 29. Bxf4 Rxc5 30. Rb4 Be5 31. Bh6 Bd6 32. Ra4 a5 33. g4 Re8 34. Be3 Rce5 35. Bf4 Rc5 36. Bxd6 cxd6 37. Rxd6 e3 38. Rd1 exf2+ 39. Kxf2 Re4 40. Rc1 f5 41. Kf3 Kf7 42. gxf5 Ree5 43. Rc2 Kf6 44. Ra3 Kxf5 45. Rd3 Re4 46. Rd7 Rexc4 47. Rxc4 Rxc4 48. Rxh7 Ra4 49. Rh5+ Kg6 50. Rc5 Rxa2 51. Rxc6+ 1/2-1/2


[Site "https://www.chess.com"]

[Event "Titled Tuesday Blitz July 11 Early 2023"]
[White "Reprintsev, Alexander"]
[Black "Matute Escobar, Roxanny"]
[WhiteFideId "14100541"]
[BlackFideId "3926028"]
[WhiteElo "2518"]
[BlackElo "2209"]
[Result "1-0"]
[Round "3"]
[TimeControl "180+2"]
[Date "2023.07.11"]
[WhiteClock "0:01:30"]
[BlackClock "0:01:01"]
[Board "152"]

1. e4 c5 2. b3 Nc6 3. Bb2 e6 4. Qe2 Nf6 5. e5 Nd5 6. Nf3 d6 7. exd6 Qxd6 8. Na3 Qc7 9. Nc4 b5 10. Nce5 Nxe5 11. Qxe5 Qxe5+ 12. Nxe5 a6 13. a4 Nb4 14. Kd1 bxa4 15. Rxa4 f6 16. Nd3 Nxd3 17. Bxd3 Bb7 18. f3 Bd6 19. Re1 Kd7 20. h3 Bg3 21. Re2 Rhd8 22. Rg4 Bd6 23. Rxg7+ Kc8 24. Rxe6 Bd5 25. Rxf6 h5 26. Bf5+ Kb8 27. Rxd6 Rxd6 28. Be5 1-0


[Site "https://www.chess.com"]

[Event "Titled Tuesday Blitz July 11 Early 2023"]
[White "Fonseca Manrique, Enrique"]
[Black "Kev4444444444"]
[WhiteFideId "5114330"]
[WhiteElo "2517"]
[BlackElo "2174"]
[Result "0-1"]
[Round "3"]
[TimeControl "180+2"]
[Date "2023.07.11"]
[WhiteClock "0:00:11"]
[BlackClock "0:00:15"]
[Board "153"]

1. e4 c5 2. Nc3 Nc6 3. f4 g6 4. Nf3 Bg7 5. Bb5 Nd4 6. Ba4 e6 7. O-O Ne7 8. d3 O-O 9. Bb3 a6 10. Nxd4 cxd4 11. Ne2 b5 12. Qe1 d6 13. Qf2 Nc6 14. f5 exf5 15. Bd5 Qb6 16. Ng3 fxe4 17. Nxe4 Be6 18. Nf6+ Bxf6 19. Qxf6 Qd8 20. Bxc6 Rc8 21. Qf3 d5 22. Bb7 Rb8 23. Bxa6 Rb6 24. Bh6 Re8 25. Rae1 Qe7 26. Qf2 Rxa6 27. Qxd4 Qa7 28. Qxa7 Rxa7 29. a3 Rc8 30. c3 d4 31. cxd4 Rd7 32. Re4 Bf5 33. Ref4 Bxd3 34. Re1 f5 35. Bg5 Be4 36. Bf6 Rc2 37. Rf2 Rc6 38. Be5 Rd5 39. h3 Kf7 40. Kh2 Ke6 41. g4 Rd8 42. gxf5+ gxf5 43. Kg3 Rdc8 44. Kf4 Rc2 45. Ref1 Rxf2+ 46. Rxf2 Rc1 47. Rd2 Rh1 48. Kg3 Kd5 49. h4 Rg1+ 50. Kf2 Rg4 51. Bf6 f4 52. Re2 Rg2+ 53. Kf1 Rg3 54. Rf2 Bd3+ 55. Ke1 f3 56. Kd2 Be2 57. Ke3 Rg4 58. Rh2 Re4+ 59. Kd2 Rg4 60. Be5 Ke4 61. b3 Rg2 62. Rh1 Bd3+ 63. Kc3 f2 64. a4 f1=Q 65. Rxf1 Bxf1 66. a5 Rg6 67. Kb4 Kd5 68. Kc3 Ra6 69. b4 Be2 70. Kd2 Bf3 71. Kc3 Rc6+ 72. Kd2 Kc4 73. Ke3 Bd5 74. Kf4 Kxb4 75. Bf6 Kxa5 76. Ke5 b4 77. Kxd5 Rxf6 78. Kc5 b3 0-1


[Site "https://www.chess.com"]

[Event "Titled Tuesday Blitz July 11 Early 2023"]
[White "Baruch, Liam"]
[Black "Brunner, Nicolas"]
[WhiteFideId "14322064"]
[BlackFideId "620246"]
[WhiteElo "2165"]
[BlackElo "2517"]
[Result "1-0"]
[Round "3"]
[TimeControl "180+2"]
[Date "2023.07.11"]
[WhiteClock "0:00:06"]
[BlackClock "0:00:00"]
[Board "154"]

1. e4 e5 2. Nf3 Nf6 3. Nxe5 d6 4. Nf3 Nxe4 5. d4 d5 6. Bd3 Be7 7. c4 Bf5 8. O-O dxc4 9. Bxc4 O-O 10. Nc3 Nd6 11. Bb3 c6 12. Bf4 Nd7 13. Re1 Nb6 14. Qe2 Bf6 15. Ne5 a5 16. a4 Re8 17. Rad1 Re7 18. Qh5 g6 19. Qf3 Kg7 20. g4 Be6 21. g5 Bxb3 22. gxf6+ Kxf6 23. Ng4+ Kg7 24. Be5+ Rxe5 25. dxe5 Bxd1 26. Rxd1 Qg5 27. h4 Qf5 28. Qg2 Ndc4 29. Re1 Re8 30. Qg3 Nd7 31. f4 Nxb2 32. Ne4 Nxa4 33. Nd6 Qe6 34. Nxe8+ Qxe8 35. Nf6 Qe6 36. Nxd7 Qxd7 37. Qe3 b5 38. Qe2 Nc3 39. Qe3 Nd5 40. Qe4 Qg4+ 41. Kf1 Nxf4 42. e6 Qh3+ 43. Kf2 Nxe6 44. Qe5+ Kg8 45. Qb8+ Kg7 46. Qe5+ Kh6 47. Qb8 Qxh4+ 48. Ke2 Qc4+ 49. Kd2 Qd4+ 50. Ke2 Kg7 51. Rf1 Nf4+ 52. Kf3 Nd5 53. Kg3 Qd3+ 54. Kg2 a4 55. Rf3 Qe2+ 56. Rf2 Qe4+ 57. Kg1 Nf6 58. Qd8 Qg4+ 59. Kf1 Ne4 60. Qd4+ f6 61. Qd7+ Kh6 62. Qxg4 Nxf2 63. Kxf2 a3 64. Qb4 a2 65. Qb2 Kh5 66. Qxa2 f5 67. Qc2 Kg5 68. Qxc6 h5 69. Qxb5 h4 70. Kg2 1-0


[Site "https://www.chess.com"]

[Event "Titled Tuesday Blitz July 11 Early 2023"]
[White "only_strong_moves"]
[Black "Lisjak, Zlatko"]
[BlackFideId "14502186"]
[WhiteElo "2516"]
[BlackElo "2163"]
[Result "1-0"]
[Round "3"]
[TimeControl "180+2"]
[Date "2023.07.11"]
[WhiteClock "0:00:53"]
[BlackClock "0:00:44"]
[Board "155"]

1. d4 d6 2. e4 Nf6 3. Nc3 c6 4. f4 Qa5 5. Qd3 Na6 6. e5 Nb4 7. Qd2 dxe5 8. fxe5 Bf5 9. Bd3 Bxd3 10. cxd3 Nd7 11. Nf3 O-O-O 12. a3 Nd5 13. O-O h6 14. b4 Qc7 15. Nxd5 cxd5 16. b5 Kb8 17. a4 Rc8 18. Ba3 e6 19. Rfc1 Qb6 20. Rxc8+ Kxc8 21. Bxf8 Rxf8 22. Rc1+ Kb8 23. Qc3 f6 24. exf6 Rxf6 25. Qc8# 1-0


[Site "https://www.chess.com"]

[Event "Titled Tuesday Blitz July 11 Early 2023"]
[White "WindWhistler11"]
[Black "Wesolowska, Hanna"]
[BlackFideId "1104683"]
[WhiteElo "2515"]
[BlackElo "2163"]
[Result "1-0"]
[Round "3"]
[TimeControl "180+2"]
[Date "2023.07.11"]
[WhiteClock "0:01:30"]
[BlackClock "0:00:00"]
[Board "156"]

1. Nf3 Nf6 2. g3 g6 3. Bg2 Bg7 4. O-O O-O 5. b4 a5 6. b5 c5 7. a4 d5 8. Bb2 b6 9. e3 Bb7 10. d3 Nbd7 11. Nbd2 Re8 12. c4 e5 13. cxd5 Nxd5 14. Nc4 Nb4 15. Nd6 Qc7 16. Nxe8 Rxe8 17. Qb3 Bd5 18. Qc3 Qb7 19. e4 Be6 20. Nd2 Rd8 21. Nc4 Qc7 22. Rad1 Nf8 23. f4 Na2 24. Qa3 Nb4 25. Bxe5 Qd7 26. Bxg7 Kxg7 27. Qc3+ Qd4+ 28. Qxd4+ cxd4 29. Nxb6 Bb3 30. Rd2 Ne6 31. Nc4 Bxa4 32. f5 Nc5 33. f6+ Kh6 34. Ne5 1-0


[Site "https://www.chess.com"]

[Event "Titled Tuesday Blitz July 11 Early 2023"]
[White "Grigoryan, Meri"]
[Black "slidingknight2775"]
[WhiteFideId "13300571"]
[WhiteElo "2145"]
[BlackElo "2514"]
[Result "0-1"]
[Round "3"]
[TimeControl "180+2"]
[Date "2023.07.11"]
[WhiteClock "0:00:07"]
[BlackClock "0:00:08"]
[Board "157"]

1. d4 Nf6 2. Nf3 d5 3. Bf4 c5 4. dxc5 Qa5+ 5. Nc3 Qxc5 6. e3 a6 7. Be2 e6 8. O-O Be7 9. Na4 Qa5 10. c4 b5 11. cxb5 axb5 12. Qc2 O-O 13. Nc5 Na6 14. Nxa6 Bxa6 15. Qc7 Qxc7 16. Bxc7 Rfc8 17. Rfc1 b4 18. Bxa6 Rxa6 19. Nd4 h6 20. h3 Ne4 21. Nb3 Bf6 22. Rc2 Ra7 23. Rac1 Rxa2 24. f3 Ng5 25. Nd4 Nh7 26. Nb5 Nf8 27. Nd6 Rca8 28. e4 dxe4 29. fxe4 Bd4+ 30. Kh2 Ng6 31. Nb5 Be5+ 32. Bxe5 Nxe5 33. Rc8+ Rxc8 34. Rxc8+ Kh7 35. Rc2 b3 36. Rf2 f6 37. Re2 Nc4 38. Nc3 Rxb2 39. Rxb2 Nxb2 40. Kg3 Nc4 41. Kf3 b2 42. g4 Nd2+ 43. Ke3 b1=Q 44. Nxb1 Nxb1 45. Kf4 Na3 46. h4 Nb5 47. g5 Kg6 48. gxh6 Kxh6 49. Kg4 Nd6 50. Kf4 Nxe4 51. Kxe4 g5 52. hxg5+ Kxg5 53. Kf3 0-1


[Site "https://www.chess.com"]

[Event "Titled Tuesday Blitz July 11 Early 2023"]
[White "Sailer, Mike"]
[Black "Osmak, Yuliia"]
[WhiteFideId "2012901"]
[BlackFideId "14101602"]
[WhiteElo "2138"]
[BlackElo "2513"]
[Result "0-1"]
[Round "3"]
[TimeControl "180+2"]
[Date "2023.07.11"]
[WhiteClock "0:00:00"]
[BlackClock "0:00:50"]
[Board "158"]

1. d4 Nf6 2. Nc3 d5 3. Bf4 c6 4. Nf3 Bf5 5. e3 e6 6. Ne5 Nbd7 7. g4 Bg6 8. h4 Qb6 9. Na4 Qa5+ 10. c3 Nxe5 11. dxe5 Nxg4 12. h5 Bf5 13. Be2 Nh6 14. b4 Qc7 15. a3 Ng8 16. c4 Ne7 17. Rc1 Rd8 18. Qb3 dxc4 19. Bxc4 Nd5 20. Bg5 Be7 21. Bxe7 Qxe7 22. Rg1 O-O 23. Nc5 b6 24. e4 bxc5 25. exf5 exf5 26. bxc5 Qxe5+ 27. Kf1 Qf4 28. Re1 Nf6 29. Rg3 Ne4 30. Rg2 Nd2+ 0-1


[Site "https://www.chess.com"]

[Event "Titled Tuesday Blitz July 11 Early 2023"]
[White "Marin Masis, Jose Esteban"]
[Black "Frolyanov, Dmitry"]
[WhiteFideId "6508146"]
[BlackFideId "4151976"]
[WhiteElo "2129"]
[BlackElo "2512"]
[Result "0-1"]
[Round "3"]
[TimeControl "180+2"]
[Date "2023.07.11"]
[WhiteClock "0:00:06"]
[BlackClock "0:00:04"]
[Board "159"]

1. e4 e5 2. Nf3 Nf6 3. Nxe5 d6 4. Nf3 Nxe4 5. d4 d5 6. Bd3 Bd6 7. O-O O-O 8. Nc3 Nxc3 9. bxc3 Bg4 10. h3 Bh5 11. Rb1 Nd7 12. c4 dxc4 13. Bxc4 Nb6 14. Bd3 Bg6 15. Bg5 Qd7 16. c4 Bxd3 17. Qxd3 c6 18. Rfd1 Bc7 19. c5 Nd5 20. Bd2 h6 21. Rxb7 Bh2+ 22. Nxh2 Qxb7 23. Ng4 Qd7 24. Bxh6 gxh6 25. Nxh6+ Kh8 26. Qg3 Qe6 27. Qh4 Qf6 28. Qh5 Qg6 29. Nxf7+ Kg7 30. Qxg6+ Kxg6 31. Ne5+ Kf6 32. Nxc6 Rg8 33. Ne5 Rad8 34. Rd3 Nf4 35. Rf3 Rxd4 36. Ng4+ Ke6 37. Re3+ Kf7 38. Nh6+ Kg7 39. Nxg8 Kxg8 40. Rg3+ Kf7 41. Re3 Rc4 42. Kh2 Ne6 43. Rf3+ Ke7 44. Rf5 Rc2 45. a4 Ra2 46. Re5 Rxa4 47. h4 Rxh4+ 48. Kg3 Rc4 49. f4 Rxc5 50. Rxc5 Nxc5 51. Kf3 a5 52. Ke3 a4 53. Kd4 Kf6 54. Kc3 Kf5 55. g3 Ke4 56. Kb2 Kd4 57. Ka3 Kc4 58. g4 Kb5 59. g5 Ne6 60. g6 Ng7 61. Ka2 Nf5 62. Ka3 Ka5 63. Ka2 Kb4 64. Kb2 a3+ 65. Ka2 Ka4 66. Ka1 Kb3 67. Kb1 a2+ 68. Ka1 Nd4 69. g7 Nc2# 0-1


[Site "https://www.chess.com"]

[Event "Titled Tuesday Blitz July 11 Early 2023"]
[White "Shvedova, Alexandra"]
[Black "Mangialardo, Tiago Carvalho"]
[WhiteFideId "54154782"]
[BlackFideId "2130718"]
[WhiteElo "2512"]
[BlackElo "2132"]
[Result "1-0"]
[Round "3"]
[TimeControl "180+2"]
[Date "2023.07.11"]
[WhiteClock "0:01:22"]
[BlackClock "0:00:01"]
[Board "160"]

1. Nf3 Nf6 2. c4 g6 3. g3 Bg7 4. Bg2 O-O 5. O-O c5 6. Nc3 Nc6 7. b3 Ne4 8. Bb2 Nxc3 9. Bxc3 Bxc3 10. dxc3 d6 11. e4 Bg4 12. h3 Bxf3 13. Qxf3 a5 14. Rab1 Qd7 15. Kh2 Rfc8 16. Qe2 a4 17. b4 cxb4 18. cxb4 Ne5 19. Rfc1 a3 20. f4 Nc6 21. Qd3 Qe6 22. Bf3 Ra4 23. Bg4 f5 24. exf5 Qf6 25. fxg6 Rf8 26. gxh7+ Kh8 27. b5 Nd4 28. Rd1 e5 29. Rf1 Qh6 30. fxe5 dxe5 31. Rxf8+ Qxf8 32. Rf1 Qh6 33. Qe4 Qg7 34. Qd5 Rb4 35. Qd8+ Kxh7 36. Qh4+ Kg8 37. Qd8+ Kh7 38. Qe8 Rb2+ 39. Kh1 Kh6 40. Qh5# 1-0


[Site "https://www.chess.com"]

[Event "Titled Tuesday Blitz July 11 Early 2023"]
[White "Tarnowska, Aleksandra"]
[Black "Korelskiy, Egor"]
[WhiteFideId "1180967"]
[BlackFideId "34329064"]
[WhiteElo "2125"]
[BlackElo "2511"]
[Result "0-1"]
[Round "3"]
[TimeControl "180+2"]
[Date "2023.07.11"]
[WhiteClock "0:00:02"]
[BlackClock "0:01:38"]
[Board "161"]

1. e4 c5 2. Nf3 e6 3. c3 d5 4. exd5 exd5 5. d4 Nf6 6. Bb5+ Nc6 7. O-O Be7 8. Ne5 Bd7 9. Nxd7 Qxd7 10. Re1 O-O 11. Bg5 cxd4 12. Bxc6 bxc6 13. Qxd4 h6 14. Bh4 Rfe8 15. Nd2 Rad8 16. Nf3 c5 17. Qd3 Qb7 18. Qf5 Qxb2 19. Rab1 Qxc3 20. Rec1 Qa3 21. h3 Ne4 22. Ne5 Bf6 23. Bxf6 Nxf6 24. Nc6 Rd6 25. Rd1 Rxc6 26. Rb7 Rce6 27. Rxd5 Qxa2 28. Rdd7 Nxd7 29. Rxd7 R6e7 30. Rxe7 Rxe7 31. Qc8+ Kh7 32. Qf5+ g6 33. Qf6 Qe6 34. Qf4 Qe1+ 35. Kh2 Qe5 0-1


[Site "https://www.chess.com"]

[Event "Titled Tuesday Blitz July 11 Early 2023"]
[White "Wisdom, Daren"]
[Black "brm72"]
[WhiteFideId "7400438"]
[WhiteElo "2069"]
[BlackElo "2511"]
[Result "0-1"]
[Round "3"]
[TimeControl "180+2"]
[Date "2023.07.11"]
[WhiteClock "0:01:58"]
[BlackClock "0:01:26"]
[Board "162"]

1. e4 c6 2. h3 d5 3. e5 c5 4. c3 Nc6 5. d4 Bf5 6. Nf3 e6 7. Nbd2 Qb6 8. Nh4 Bg6 9. Nxg6 hxg6 10. dxc5 Bxc5 11. Qe2 a5 12. Nb3 Be7 13. Be3 Qc7 14. O-O-O Nxe5 15. Nd4 Nc6 16. Nb5 Qc8 17. g4 Nf6 18. f3 a4 19. g5 Nd7 20. Bg2 Na5 21. Rhe1 Nc4 22. Kc2 Ra5 23. Rxd5 exd5 24. Bf4 O-O 25. Nd4 Bd6 26. Bxd6 Nxd6 27. Qf2 a3 28. b3 Nb5 29. Nxb5 Rxb5 30. Qd4 Qc5 31. f4 Qxd4 32. cxd4 Rc8+ 33. Kd3 Nf8 34. Re5 Rd8 35. Ke3 Ne6 36. f5 gxf5 37. g6 f4+ 38. Kd3 Rb4 39. Kc3 Rxd4 40. gxf7+ Kxf7 41. Rxe6 Kxe6 42. Kxd4 g5 43. Bh1 b6 44. Bf3 Rh8 45. Bxd5+ Kd6 46. Bg2 Re8 47. Be4 Re5 48. b4 Re7 49. Kd3 Rc7 50. Bf3 Ke5 51. b5 Rc5 52. Bc6 Rc1 53. Bb7 Ra1 54. Kc2 Rxa2+ 55. Kb3 Rb2+ 56. Kxa3 Rxb5 57. Bf3 Rd5 58. Kb4 Rd3 59. Bc6 Rxh3 60. Kb5 f3 61. Ka6 f2 62. Bb5 Rh1 63. Kxb6 f1=Q 64. Bxf1 Rxf1 65. Kb5 g4 66. Kc4 g3 67. Kd3 g2 68. Kd2 g1=Q 69. Kc3 Qd4+ 0-1


[Site "https://www.chess.com"]

[Event "Titled Tuesday Blitz July 11 Early 2023"]
[White "Garrido, Denis"]
[Black "Navyblue1"]
[WhiteFideId "601217"]
[WhiteElo "2314"]
[BlackElo "1757"]
[Result "1-0"]
[Round "3"]
[TimeControl "180+2"]
[Date "2023.07.11"]
[WhiteClock "0:01:35"]
[BlackClock "0:00:00"]
[Board "163"]

1. d4 Nf6 2. c4 g6 3. Nc3 Bg7 4. e4 d6 5. Be2 O-O 6. Nf3 Qe8 7. O-O e5 8. Re1 Nc6 9. d5 Ne7 10. c5 Bd7 11. cxd6 cxd6 12. Nd2 Qb8 13. a4 a6 14. Nc4 Nc8 15. Ra3 b5 16. axb5 axb5 17. Rb3 Ne8 18. Na3 b4 19. Nc2 Ra4 20. Nxa4 Bxa4 21. Rxb4 Qa7 22. b3 Bd7 23. Be3 Qa5 24. Qa1 Qc7 25. Rc1 f5 26. f3 f4 27. Bf2 Ne7 28. Qa7 Qxa7 29. Bxa7 Nf6 30. Rb7 g5 31. Nb4 Ng6 32. Nc6 h5 33. Bb5 g4 34. Ne7+ Nxe7 35. Bxd7 Nxd7 36. Rxd7 Bf6 37. Rcc7 gxf3 38. gxf3 Rf7 39. Rxd6 1-0


[Site "https://www.chess.com"]

[Event "Titled Tuesday Blitz July 11 Early 2023"]
[White "Kim, Sergey"]
[Black "Sava, Christiansen-Danut-Eugen"]
[WhiteFideId "13700570"]
[BlackFideId "1210114"]
[WhiteElo "2580"]
[BlackElo "1987"]
[Result "1-0"]
[Round "3"]
[TimeControl "180+2"]
[Date "2023.07.11"]
[WhiteClock "0:00:34"]
[BlackClock "0:00:09"]
[Board "164"]

1. d4 Nf6 2. c4 e6 3. Nc3 Bb4 4. Qc2 b6 5. a3 Bxc3+ 6. Qxc3 O-O 7. Nf3 Bb7 8. g3 c5 9. dxc5 bxc5 10. Bg2 d6 11. O-O Nc6 12. b3 e5 13. e3 Qe7 14. Nh4 g6 15. b4 cxb4 16. axb4 Kg7 17. Rd1 Nd8 18. f3 Ne6 19. Ba3 Rac8 20. Rac1 Rfd8 21. Bh3 Qc7 22. Bb2 Ba6 23. Bxe6 fxe6 24. c5 dxc5 25. Rxd8 Rxd8 26. bxc5 g5 27. Ng2 Bb7 28. c6 Ba6 29. Qxe5 Qxe5 30. Bxe5 Kf7 31. e4 Bb5 32. Ne3 Rc8 33. c7 Nd7 34. Bd6 Ke8 35. f4 gxf4 36. gxf4 Nf6 37. e5 Ne4 38. Rb1 a6 39. f5 Nxd6 40. exd6 Kd7 41. Rd1 Rg8+ 42. Kf2 Rf8 43. Kg3 exf5 44. Kf4 a5 45. Nxf5 a4 46. Ke5 a3 47. Ne7 Ba6 48. Nd5 Re8+ 49. Kf4 Rf8+ 50. Ke5 Re8+ 51. Ne7 a2 52. Ra1 Bc4 53. c8=Q+ Rxc8 54. Nxc8 Kxc8 55. Kd4 Be6 56. Kc5 Kd7 57. Rd1 Bf5 58. Ra1 Bb1 59. Kd5 h6 60. Ke5 h5 61. h4 Kd8 62. Ke6 Bf5+ 63. Kxf5 1-0


[Site "https://www.chess.com"]

[Event "Titled Tuesday Blitz July 11 Early 2023"]
[White "Ionescu, Mihai"]
[Black "JonSnowNW1"]
[WhiteFideId "1202499"]
[WhiteElo "2579"]
[BlackElo "2423"]
[Result "0-1"]
[Round "3"]
[TimeControl "180+2"]
[Date "2023.07.11"]
[WhiteClock "0:01:07"]
[BlackClock "0:01:22"]
[Board "165"]

1. Nf3 d5 2. g3 g6 3. Bg2 Bg7 4. O-O c6 5. c4 dxc4 6. a4 Bf5 7. Na3 Qd5 8. Nh4 Be4 9. f3 Qc5+ 10. Kh1 Bd5 11. Qc2 Na6 12. e4 Be6 13. f4 Nb4 14. Qd1 Nd3 15. Nc2 Nf2+ 16. Rxf2 Qxf2 17. Ne3 Rd8 18. Nf3 Qxe3 19. Qc2 Qb3 0-1


[Site "https://www.chess.com"]

[Event "Titled Tuesday Blitz July 11 Early 2023"]
[White "Lopez Gracia, Fernando"]
[Black "Palczert, Matyas"]
[WhiteFideId "2207184"]
[BlackFideId "784958"]
[WhiteElo "2417"]
[BlackElo "2576"]
[Result "0-1"]
[Round "3"]
[TimeControl "180+2"]
[Date "2023.07.11"]
[WhiteClock "0:00:04"]
[BlackClock "0:00:12"]
[Board "166"]

1. c4 f5 2. Nc3 Nf6 3. g3 e6 4. Nf3 d5 5. cxd5 exd5 6. d4 c6 7. Bg2 Bd6 8. O-O O-O 9. Bf4 Bxf4 10. gxf4 Ne4 11. e3 Nd7 12. Ne5 Nxe5 13. fxe5 Nxc3 14. bxc3 f4 15. e4 dxe4 16. Bxe4 Qh4 17. f3 Bf5 18. Qd3 Bxe4 19. Qxe4 Rae8 20. Rf2 Qe7 21. Rb1 Rf7 22. Rfb2 Qa3 23. Rxb7 Rxb7 24. Rxb7 Qxc3 25. Qxf4 Rf8 26. Qg3 Qxd4+ 27. Kg2 Qd2+ 28. Kh3 Qh6+ 29. Kg2 Rd8 30. Rb2 Rd2+ 31. Rxd2 Qxd2+ 32. Kh3 Qxa2 33. Qg4 Qd5 34. Qc8+ Kf7 35. Qc7+ Kg6 36. Kg3 h5 37. h4 Kf5 38. Qxg7 Qxe5+ 0-1


[Site "https://www.chess.com"]

[Event "Titled Tuesday Blitz July 11 Early 2023"]
[White "Fule, Simon"]
[Black "Kumala, Aleksander"]
[WhiteFideId "787515"]
[BlackFideId "1141880"]
[WhiteElo "2395"]
[BlackElo "2562"]
[Result "1-0"]
[Round "3"]
[TimeControl "180+2"]
[Date "2023.07.11"]
[WhiteClock "0:00:03"]
[BlackClock "0:00:05"]
[Board "167"]

1. e4 e5 2. Nf3 Nf6 3. Nxe5 Nxe4 4. Qe2 Qe7 5. Qxe4 d6 6. d3 dxe5 7. Nc3 Nc6 8. Bd2 f5 9. Qa4 Bd7 10. Qc4 O-O-O 11. g3 Be6 12. Qa4 Rd4 13. Qa3 Qf6 14. b4 Bxb4 15. Qb2 e4 16. Bg2 exd3 17. cxd3 Rxd3 18. Bxc6 Rxc3 19. Bxb7+ Kd8 20. Qxb4 Rc4 21. Qb1 Re8 22. O-O c6 23. Re1 Bd5 24. Rxe8+ Kxe8 25. Qe1+ Re4 26. Be3 Kf7 27. Rc1 f4 28. gxf4 Qg6+ 29. Kf1 Rc4 30. Ba6 Bg2+ 31. Ke2 Qg4+ 32. Kd2 Qd7+ 33. Ke2 Ra4 34. Bc4+ Kg6 35. Bb3 Qg4+ 36. Kd2 Qd7+ 37. Kc3 Ra5 38. Kb2 Rd5 39. Bxd5 Bxd5 40. Qc3 Qb7+ 41. Ka1 a5 42. Rg1+ Kf5 43. Rg5+ Ke4 44. Rxg7 Qb5 45. Rg1 a4 46. Bd4 Kf5 47. Rg5+ Kxf4 48. Qe3# 1-0


[Site "https://www.chess.com"]

[Event "Titled Tuesday Blitz July 11 Early 2023"]
[White "MAHanif"]
[Black "Orlov, Georgi"]
[BlackFideId "2011271"]
[WhiteElo "2369"]
[BlackElo "2555"]
[Result "1-0"]
[Round "3"]
[TimeControl "180+2"]
[Date "2023.07.11"]
[WhiteClock "0:00:11"]
[BlackClock "0:00:02"]
[Board "168"]

1. d4 d5 2. Nf3 Nc6 3. g3 Bg4 4. Bg2 Qd7 5. c3 Bh3 6. Bxh3 Qxh3 7. Qb3 O-O-O 8. Bf4 f6 9. Nbd2 g5 10. Be3 Nh6 11. O-O-O Nf5 12. Qc2 e6 13. Rdg1 h5 14. Nb3 g4 15. Nfd2 h4 16. Bf4 hxg3 17. Bxg3 Nxg3 18. Rxg3 Qh5 19. e4 Bd6 20. Rg2 Bf4 21. Kb1 f5 22. exd5 exd5 23. Nc5 b6 24. Ne6 Bd6 25. Ng7 Qh3 26. Qxf5+ Kb8 27. Qxg4 Qd3+ 28. Kc1 Rdf8 29. h4 Bf4 30. Qd1 Rh6 31. Qc2 Qf3 32. Rhg1 Kb7 33. Kb1 Bxd2 34. Qxd2 Na5 35. Qxh6 Nc4 36. Qc1 a5 37. Ne6 Re8 38. Ng5 Qf5+ 39. Qc2 Qf4 40. h5 Nd2+ 41. Ka1 a4 42. Qxa4 Ra8 43. Qc2 Nc4 44. Ne6 Qd6 45. Nxc7 Ra7 46. Nb5 1-0


[Site "https://www.chess.com"]

[Event "Titled Tuesday Blitz July 11 Early 2023"]
[White "Pham, Le Thao Nguyen"]
[Black "Haitin, Ilja"]
[WhiteFideId "12401226"]
[BlackFideId "4501764"]
[WhiteElo "2521"]
[BlackElo "2368"]
[Result "1-0"]
[Round "3"]
[TimeControl "180+2"]
[Date "2023.07.11"]
[WhiteClock "0:00:12"]
[BlackClock "0:00:41"]
[Board "169"]

1. d4 e6 2. Nf3 b6 3. Bf4 Bb7 4. e3 f5 5. Nbd2 Nf6 6. h3 d6 7. a4 a6 8. Bc4 Nd5 9. Bh2 Be7 10. Qe2 O-O 11. e4 fxe4 12. Nxe4 Kh8 13. O-O Nf4 14. Bxf4 Rxf4 15. Ned2 e5 16. dxe5 dxe5 17. Qxe5 Bd6 18. Qh5 Bxf3 19. Nxf3 Nd7 20. Ng5 h6 21. Nf7+ Rxf7 22. Bxf7 Ne5 23. Bd5 Rb8 24. Rad1 Qf6 25. f4 Nd7 26. Be4 Nc5 27. Qf5 Qxf5 28. Bxf5 Nxa4 29. b3 Nc3 30. Rd3 Ne2+ 31. Kh1 Ng3+ 32. Rxg3 Rf8 33. Bg6 Rf6 34. Rg4 Bf8 35. f5 a5 36. Re4 Kg8 37. Rd1 b5 38. Rd8 a4 39. bxa4 bxa4 40. Rxa4 Rc6 41. Raa8 Rf6 42. g4 c5 43. h4 c4 44. g5 hxg5 45. hxg5 1-0


[Site "https://www.chess.com"]

[Event "Titled Tuesday Blitz July 11 Early 2023"]
[White "tomobeast"]
[Black "Taboas Rodriguez, Daniel"]
[BlackFideId "2208466"]
[WhiteElo "2267"]
[BlackElo "2510"]
[Result "1-0"]
[Round "3"]
[TimeControl "180+2"]
[Date "2023.07.11"]
[WhiteClock "0:00:23"]
[BlackClock "0:00:56"]
[Board "171"]

1. e4 e5 2. Nf3 Nc6 3. Bb5 Nf6 4. O-O Nxe4 5. Re1 Nd6 6. Nxe5 Be7 7. Bf1 Nxe5 8. Rxe5 O-O 9. d4 Bf6 10. Bd3 Ne8 11. Nc3 Bxe5 12. dxe5 f5 13. Bc4+ Kh8 14. Qh5 g6 15. Qh6 Qe7 16. Nd5 Qg7 17. Qh4 h5 18. Bg5 Kh7 19. Bf6 Nxf6 20. exf6 Qh8 21. Re1 c6 22. Re7+ Kh6 23. f4 1-0


[Site "https://www.chess.com"]

[Event "Titled Tuesday Blitz July 11 Early 2023"]
[White "Sarkar, Justin"]
[Black "FromTexas54"]
[WhiteFideId "2010011"]
[WhiteElo "2248"]
[BlackElo "2508"]
[Result "0-1"]
[Round "3"]
[TimeControl "180+2"]
[Date "2023.07.11"]
[WhiteClock "0:00:00"]
[BlackClock "0:00:57"]
[Board "172"]

1. d4 Nf6 2. c4 e6 3. Nc3 Bb4 4. Qc2 O-O 5. a3 Bxc3+ 6. Qxc3 b5 7. cxb5 c6 8. bxc6 Nxc6 9. b4 Bb7 10. e3 Rc8 11. Qb2 d6 12. Nf3 Ne7 13. Bd3 Ng6 14. Qe2 Ne4 15. Bxe4 Bxe4 16. O-O Rc2 17. Nd2 Bb7 18. Rb1 Qb6 19. Bb2 Ba6 20. Qd1 Rfc8 21. Re1 Nh4 22. g3 Rxd2 0-1


[Site "https://www.chess.com"]

[Event "Titled Tuesday Blitz July 11 Early 2023"]
[White "Novikov, Evgenij"]
[Black "Horokoskii"]
[WhiteFideId "4125380"]
[WhiteElo "2484"]
[BlackElo "2128"]
[Result "1-0"]
[Round "3"]
[TimeControl "180+2"]
[Date "2023.07.11"]
[WhiteClock "0:01:14"]
[BlackClock "0:00:00"]
[Board "174"]

1. e4 e6 2. Nf3 d5 3. e5 c5 4. b4 cxb4 5. a3 Nc6 6. d4 b3 7. cxb3 Nge7 8. Bd3 Nf5 9. Bb2 Be7 10. O-O Bd7 11. Nbd2 Qb6 12. Bxf5 exf5 13. Re1 O-O 14. Nf1 Rac8 15. Ne3 Be6 16. Qd3 f4 17. Nf5 Bxf5 18. Qxf5 Qxb3 19. Rab1 Na5 20. e6 Rce8 21. exf7+ Rxf7 22. Qe6 Qb6 23. Qxd5 Qd8 24. Qa2 Bf6 25. Rxe8+ Qxe8 26. Re1 Qf8 27. d5 Bxb2 28. Qxb2 Kh8 29. Ng5 Rd7 30. Ne6 Qe8 31. h4 h6 32. Qb5 Re7 33. Qxa5 Qd7 34. Qc3 Qxd5 35. Qc8+ Kh7 36. Nf8+ Kg8 37. Rxe7 1-0


[Site "https://www.chess.com"]